 Dungeon Crawl Stone Soup version 0.14-a0-2839-g31ee8e6 (webtiles) character file.

697 Neoxx the Sneak (level 7, 0/66 HPs)
             Began as a Naga Artificer on Feb 26, 2014.
             Was a Priest of Cheibriados.
             Slain by a gnoll
             ... wielding a +2,+1 halberd
              (7 damage)
             ... on Level 4 of the Dungeon.
             The game lasted 00:17:56 (5712 turns).

Neoxx the Sneak (Naga Artificer)                    Turns: 5712, Time: 00:17:56

HP   0/66        AC  5     Str 20      XL: 7   Next: 33%
MP  10/10        EV 10     Int 19      God: Cheibriados [***...]
Gold 130         SH  0     Dex 21      Spells:  0 memorised,  6 levels left

rFire  . . .     SeeInvis +     a - +2,+0 whip (venom)
rCold  . . .     Clarity  .     e - +0 leather armour
rNeg   . . .     Conserve .     (no shield)
rPois  +         rCorr    .     A - +0 helmet
rElec  .         rRot     .     q - +0 cloak
SustAb . .       Spirit   .     (no gloves)
rMut   .         Warding  .     (no barding)
Saprov . . .     Stasis   .     (no amulet)
MR     .....                    (no ring)
                                w - ring of sustenance

@: very slow, not resistant to hostile enchantments, very stealthy
A: spit poison, see invisible, deformed body, poison resistance, slowness 2, AC
+2
a: Spit Poison, Bend Time, Temporal Distortion, Renounce Religion


You were on level 4 of the Dungeon.
You worshipped Cheibriados.
Cheibriados was most pleased with you.
You were not hungry.

You visited 1 branch of the dungeon, and saw 4 of its levels.
You also visited: Sewer.

You collected 130 gold pieces.

Inventory:

Hand weapons
 a - a +2,+0 whip of venom (weapon)
 b - a +1,+0 dagger of venom
 u - a +0,+0 halberd
 N - a +0 blowgun
Missiles
 i - 22 darts (quivered)
 m - 7 tomahawks
 y - a throwing net [falling apart]
 O - 14 poisoned needles
Armour
 e - a +0 leather armour (worn)
 q - a +0 cloak (worn)
 A - a +0 helmet (worn)
 K - a +0 elven chain mail
Magical devices
 c - a wand of enslavement (10)
 d - a wand of random effects (15)
 x - a wand of flame (15)
Comestibles
 f - 3 bread rations
 o - 15 strawberries
 t - an apple
 B - a pear
 C - a meat ration
 S - a rotting chunk of kobold flesh
Scrolls
 g - a scroll of remove curse
 h - a scroll of teleportation {unknown}
 j - a scroll of enchant weapon II {unknown}
 k - 2 scrolls of curse armour {unknown}
 n - a scroll of curse jewellery {unknown}
 r - 3 scrolls of blinking {unknown}
 s - 2 scrolls of random uselessness {unknown}
 D - a scroll of immolation {unknown}
 F - a scroll of recharging
 J - a scroll of enchant armour {unknown}
 M - a scroll of fog {unknown}
 Q - a scroll of curse weapon {unknown}
Jewellery
 w - a ring of sustenance (left hand)
Potions
 l - 2 potions of speed {unknown}
 p - a potion of paralysis {unknown}
 v - a potion of degeneration {unknown}
 E - 2 potions of restore abilities {unknown}
 G - 2 potions of curing {unknown}
 H - 3 potions of heal wounds
 I - 2 potions of flight
 L - 2 potions of brilliance {unknown}


   Skills:
 - Level 4.7 Fighting
 - Level 2.1 Short Blades
 + Level 0.8 Maces & Flails
 - Level 1.5 Dodging
 + Level 7.6 Stealth
 + Level 2.2 Invocations
 - Level 3.0 Evocations


You had 6 spell levels left.
You didn't know any spells.

Dungeon Overview and Level Annotations

Branches:
Dungeon (4/16)
 Temple: D:4-7

Altars:
Cheibriados
The Shining One


Innate Abilities, Weirdness & Mutations

You cannot wear boots.
You can spit poison.
Your serpentine skin is tough (AC +2).
You have supernaturally acute eyesight.
Armour fits poorly on your strangely shaped body.
Your system is resistant to poisons.
You cover ground very slowly.


Message History

a club; a robe; a gnoll corpse You hit the gnoll but do no damage.
The gnoll is almost dead.
You have got your breath back.
The gnoll hits you with a halberd!
* * * LOW HITPOINT WARNING * * *
The gnoll barely misses you.
You closely miss the gnoll.
The gnoll is almost dead.
The gnoll hits you with a halberd.
* * * LOW HITPOINT WARNING * * *
The gnoll hits you.
* * * LOW HITPOINT WARNING * * *
The gnoll misses you.
You completely miss the gnoll.
The gnoll is severely wounded.
The gnoll hits you.
* * * LOW HITPOINT WARNING * * *
The gnoll hits you with a halberd!
You die...

..... ..........
........... ..?........
........... ..........#
..........# .......[.).#
..(.....g@.# .........g###
..........####
.............#
..............#
..............#####
............###...#
.........####.....# #####
..........###.....####...#
#


You could see 2 gnolls.

Vanquished Creatures
  A big kobold (Sewer)
  An orc priest (D:3)
  A gnoll shaman (D:4)
  Crazy Yiuf (D:3)
  A scorpion (D:4)
  A big fish (Sewer)
  A worker ant (D:4)
  2 iguanas (D:4)
  Ijyb (D:3)
  Terence (D:3)
  7 gnolls
  2 adders
  A green rat (Sewer)
  A giant mite (D:2)
  6 giant geckos
  3 oozes (D:2)
  16 orcs
  4 ball pythons
  11 hobgoblins
  9 jackals
  8 bats
  8 giant cockroaches
  6 giant newts
  12 goblins
  12 kobolds
  4 quokkas
  18 rats
139 creatures vanquished.

Vanquished Creatures (collateral kills)
  2 gnolls
2 creatures vanquished.

Grand Total: 141 creatures vanquished

Notes
Turn   | Place    | Note
--------------------------------------------------------------
     0 | D:1      | Neoxx, the Naga Artificer, began the quest for the Orb.
     0 | D:1      | Reached XP level 1. HP: 18/18 MP: 1/1
   201 | D:1      | Reached XP level 2. HP: 20/25 MP: 3/3
   315 | D:1      | Reached skill level 4 in Stealth
   715 | D:1      | Reached XP level 3. HP: 31/31 MP: 4/4
   952 | D:1      | Reached skill level 5 in Stealth
  1532 | D:2      | Reached skill level 6 in Stealth
  1532 | D:2      | Reached XP level 4. HP: 24/38 MP: 6/6
  2137 | D:2      | Upgraded the game from 0.14-a0-2810-g474977d to 0.14-a0-2839-g31ee8e6
  2472 | D:2      | Found a snail-covered altar of Cheibriados.
  2480 | D:2      | Became a worshipper of Cheibriados the Contemplative
  2719 | D:2      | Reached XP level 5. HP: 33/45 MP: 7/7
  2947 | D:3      | Noticed Ijyb
  2980 | D:3      | Killed Ijyb
  3261 | D:3      | Found a glowing drain.
  3308 | Sewer    | Entered a sewer
  3588 | Sewer    | Reached XP level 6. HP: 14/57 MP: 9/9
  3857 | Sewer    | Found a white marble altar of Elyvilon.
  3989 | D:3      | Noticed Terence
  3999 | D:3      | Killed Terence
  4512 | D:3      | Noticed Crazy Yiuf
  4524 | D:3      | Crazy Yiuf (ally) was killed
  4524 | D:3      | Your ally died
  5047 | D:4      | Reached skill level 7 in Stealth
  5047 | D:4      | Reached skill level 1 in Invocations
  5103 | D:4      | Acquired Cheibriados' first power
  5132 | D:4      | Found a glowing golden altar of the Shining One.
  5145 | D:4      | Reached XP level 7. HP: 18/66 MP: 10/10
  5712 | D:4      | Slain by a gnoll

Action                   |  1- 3 |  4- 6 |  7- 9 || total
-------------------------+-------+-------+-------++-------
Melee: Short sword       |    75 |    92 |       ||   167
       Halberd           |    10 |       |       ||    10
       Flail             |       |    72 |       ||    72
       Dagger            |       |   145 |    15 ||   160
       Whip              |       |       |    18 ||    18
Throw: Dart              |    13 |       |     2 ||    15
 Abil: Spit Poison       |    32 |    42 |     7 ||    81
Evoke: Wand              |     1 |     3 |     1 ||     5
  Use: Scroll            |       |     1 |       ||     1
       Potion            |       |     1 |       ||     1
 Stab: Sleeping          |       |    17 |     1 ||    18
       Distracted        |       |     1 |       ||     1
